 Dungeon Crawl Stone Soup version 0.24.0-125-gc4c63601f3 (webtiles) character file.

Game seed: 5353753796900360293, levelgen mode: deterministic

2332 Lemonice the Digger (level 9, -2/58 HPs)
             Began as an Octopode Earth Elementalist on Feb 23, 2020.
             Was a Follower of Dithmenos.
             Hit by a boomerang thrown by an orc warrior (11 damage)
             ... on level 6 of the Dungeon.
             The game lasted 00:30:37 (8697 turns).

Lemonice the Digger (Octopode Earth Elementalist)   Turns: 8697, Time: 00:30:37

Health: -2/58      AC:  3    Str:  7    XL:     9   Next: 42%
Magic:  15/16      EV: 13    Int: 19    God:    Dithmenos [*.....]
Gold:   327        SH:  0    Dex: 12    Spells: 4/18 levels left

rFire    x . .     SeeInvis .   o - +3 dagger (speed)
rCold    + . .     Gourm    .   (no shield)
rNeg     . . .     Faith    .   (helmet restricted)
rPois    .         Spirit   .   (no amulet)
rElec    .         Reflect  .   d - ring of ice
rCorr    .         Harm     .   (no ring)
MR       .....                  (no ring)
Stlth    +++++.....             (no ring)
HPRegen  0.19/turn              (no ring)
MPRegen  0.15/turn              (no ring)
                                (no ring)
                                (no ring)

@: lethally poisoned (-2 -> -4), wreathed by umbra
A: almost no armour, stealthy swim, amphibious, 8 rings, constrict 8, rugged
brown scales 2, camouflage 1, dopey 1, screaming 1, gelatinous body 1
a: Renounce Religion


You were on level 6 of the Dungeon.
You worshipped Dithmenos.
Dithmenos was aware of your devotion.
You were not hungry.

You visited 2 branches of the dungeon, and saw 7 of its levels.

You collected 327 gold pieces.

Inventory:

Hand Weapons
 a - a +0 dagger
 o - a +3 dagger of speed (weapon)
Missiles
 b - 104 stones (quivered)
Jewellery
 d - a ring of ice (left tentacle)
Wands
 h - a wand of flame (21)
 s - a wand of random effects (18)
Scrolls
 e - 3 scrolls of identify {unknown}
 g - a scroll of enchant weapon {unknown}
 i - 2 scrolls of teleportation {unknown}
 j - 2 scrolls of magic mapping {unknown}
 k - 5 scrolls of remove curse {unknown}
 l - a scroll of immolation {unknown}
 m - 3 scrolls of enchant armour {unknown}
 n - a scroll of noise {unknown}
 p - 2 scrolls of fear {unknown}
 t - a scroll of vulnerability {unknown}
Potions
 f - 3 potions of flight
 q - a potion of cancellation
 r - a potion of mutation
 u - 2 potions of might {unknown}
 w - a potion of ambrosia {unknown}
Comestibles
 c - 9 rations
 v - 2 chunks of flesh


   Skills:
 - Level 3.0 Fighting
 * Level 6.7 Short Blades
 - Level 2.0 Dodging
 + Level 6.2 Stealth
 - Level 5.0 Spellcasting
 + Level 2.5 Hexes
 + Level 1.3 Transmutations
 + Level 7.1 Earth Magic


You had 4 spell levels left.
You knew the following spells:

 Your Spells              Type           Power        Failure   Level  Hunger
a - Sandblast             Erth           ####..       1%          1    None
b - Stone Arrow           Conj/Erth      ###...       9%          3    ##.....
c - Confusing Touch       Hex            ##....       4%          1    None
d - Lee's Rapid Deconstr  Erth           ####......   19%         5    ######.
e - Petrify               Tmut/Erth      ###.....     22%         4    ####...

Your spell library contained the following spells:

 Spells                   Type           Power        Failure   Level  Hunger
 Passwall                 Tmut/Erth      ###.....     3%          2    #......
 Corona                   Hex            ##.....      4%          1    None
 Ensorcelled Hibernation  Hex/Ice        ##....       11%         2    #......
 Animate Skeleton         Necr           N/A          12%         1    None
 Apportation              Tloc           #.....       12%         1    None
 Summon Small Mammal      Summ           #...         12%         1    None
 Confuse                  Hex            ##......     13%         3    ##.....
 Tukima's Dance           Hex            ##......     13%         3    ##.....
 Dazzling Spray           Conj/Hex       #.....       22%         3    ##.....


Dungeon Overview and Level Annotations

Branches:
Dungeon (6/15)             Temple (1/1) D:4

Altars:
Ashenzari
Cheibriados
Dithmenos
Elyvilon
Nemelex Xobeh
Okawaru
Qazlal
Ru
Sif Muna
Trog
Uskayaw
Vehumet
Wu Jian
Yredelemnul
Zin
The Shining One

Shops:
D:4 [


Innate Abilities, Weirdness & Mutations

You cannot wear most types of armour.
You are very stealthy in the water. (Stealth+)
You are amphibious.
You can wear up to eight rings at the same time.
You can use your tentacles to constrict eight enemies at once.
Your skin changes colour to match your surroundings (Stealth+).
Your rubbery body absorbs attacks. (AC +1, EV +1)
You are mostly covered in rugged brown scales. (AC +2, +5% HP)
You are dopey. (Int -2)
You occasionally shout uncontrollably at your foes.


Message History

Casting: Confusing Touch (safe; 3% risk of failure)
Confirm with . or Enter, or press ? or * to list all spells.
Aiming: Sandblast (safe; 1% risk of failure)
Press: ? - help, Shift-Dir - straight line, f - worker ant
Aim: a worker ant (severely wounded, umbra)
The blast of sand hits the worker ant!
You kill the worker ant!
Dithmenos accepts your kill.
b - 104 stones The orc warrior throws a boomerang.
The boomerang closely misses you.
The weapon returns to the orc warrior!
You feel sick.
The orc warrior throws a boomerang.
The boomerang hits you!
* * * LOW HITPOINT WARNING * * *
The weapon returns to the orc warrior!
It was a potion of mutation.
You feel extremely strange.
Rugged brown scales grow over part of your body.
You feel stupid.
You feel the urge to shout.
Rugged brown scales spread over more of your body.
The orc warrior throws a boomerang.
The boomerang hits you!
You die...

....#<#....##.##.##.##.#
#.#...#######.#####.##.#
......#................#
.##...#...###.#####.####
.##...'...# #... #.####
.##...#...+ ......#....#
..(.......#########....#
...........oo..>..#....#
........#####...@......#
..รท.....# #)#...######
##)###### #'##### #.#
... #.# #... ##.# #....
...# ###.. ##.# .## .#.#


You could see an orc warrior and an orc.

Vanquished Creatures
  Pikel (D:5)
  Sigmund (D:3)
  Eustachio (D:6)
  4 slaves (D:5)
  3 ogres
  2 phantoms (D:4)
  A centaur (D:5)
  A bullfrog (D:5)
  3 scorpions
  A crimson imp (D:5)
  4 hounds
  An orc priest (D:5)
  Crazy Yiuf (D:4)
  3 centaur skeletons (D:5)
  An iguana (D:2)
  Ijyb (D:3)
  5 orc wizards
  Natasha (thrice) (D:3)
  3 worker ants
  A hound skeleton (D:5)
  7 adders
  A howler monkey skeleton (D:5)
  2 oozes
  5 worms
  4 dart slugs
  8 leopard geckos
  16 orcs
  7 bats
  4 giant cockroaches
  8 goblins
  6 hobgoblins
  15 jackals
  3 quokkas
  2 ball pythons
  6 frilled lizards
  2 kobolds (D:1)
  A leopard gecko skeleton (D:4)
  A quokka skeleton (D:4)
  A quokka zombie (D:4)
  8 rats
  A bush (D:4)
  A plant (D:4)
150 creatures vanquished.

Notes
Turn   | Place    | Note
-------+----------+-------------------------------------------
     0 | D:1      | Lemonice the Octopode Earth Elementalist began the quest
                  | for the Orb.
     0 | D:1      | Reached XP level 1. HP: 11/11 MP: 3/3
    96 | D:1      | Reached XP level 2. HP: 10/17 MP: 5/5
   469 | D:1      | Reached XP level 3. HP: 18/21 MP: 6/6
   483 | D:1      | HP: 1/21 [jackal (2)]
  1168 | D:2      | Found a sparkling altar of Nemelex Xobeh.
  1691 | D:2      | Reached skill level 4 in Earth Magic
  1691 | D:2      | Reached XP level 4. HP: 18/27 MP: 3/8
  1700 | D:2      | Learned a level 3 spell: Stone Arrow
  1902 | D:2      | Found a sacrificial altar of Ru.
  2480 | D:2      | Became a worshipper of Ru the Awakened
  2599 | D:3      | Learned a level 1 spell: Confusing Touch
  2644 | D:3      | Reached XP level 5. HP: 20/31 MP: 8/10
  2754 | D:3      | Noticed a water elemental
  2755 | D:3      | Noticed Natasha
  2762 | D:3      | Noticed a fire elemental
  2771 | D:3      | Killed Natasha
  2910 | D:3      | Found a stormy altar of Qazlal.
  2911 | D:3      | Noticed an air elemental
  2915 | D:3      | Noticed Sigmund
  2942 | D:3      | Killed Sigmund
  2942 | D:3      | Reached skill level 5 in Earth Magic
  2942 | D:3      | Reached XP level 6. HP: 36/36 MP: 10/12
  3038 | D:3      | Noticed Ijyb
  3206 | D:3      | Killed Ijyb
  4158 | D:3      | Noticed Natasha
  4174 | D:3      | Killed Natasha
  4174 | D:3      | Reached skill level 1 in Short Blades
  4376 | D:3      | Noticed Natasha
  4387 | D:3      | Killed Natasha
  4387 | D:3      | Reached XP level 7. HP: 31/42 MP: 10/13
  4475 | D:4      | Reached skill level 1 in Fighting
  4586 | D:4      | Found Saoh's Antique Armour Boutique.
  4706 | D:4      | Found an ornate altar of the Wu Jian Council.
  4887 | D:4      | Fell from the grace of Ru
  5121 | D:4      | Learned a level 5 spell: Lee's Rapid Deconstruction
  5124 | D:4      | Reached XP level 8. HP: 41/50 MP: 4/15
  5286 | D:4      | Reached skill level 5 in Spellcasting
  5338 | D:4      | Found a staircase to the Ecumenical Temple.
  5378 | Temple   | Entered the Ecumenical Temple
  5658 | Temple   | Became a worshipper of Dithmenos the Shadowed
  5773 | D:4      | Found a bloodstained altar of Trog.
  5942 | D:4      | Found a runed translucent door.
  5943 | D:4      | Noticed Crazy Yiuf
  5955 | D:4      | Killed Crazy Yiuf
  6293 | D:5      | Entered Level 5 of the Dungeon
  6303 | D:5      | Reached skill level 6 in Earth Magic
  6351 | D:5      | Found a shimmering blue altar of Sif Muna.
  7204 | D:5      | Noticed Pikel
  7570 | D:5      | Reached skill level 5 in Short Blades
  7733 | D:5      | Killed Pikel
  7733 | D:5      | Reached skill level 5 in Stealth
  7733 | D:5      | Reached XP level 9. HP: 21/56 MP: 0/16
  8254 | D:6      | Reached skill level 7 in Earth Magic
  8452 | D:6      | Learned a level 4 spell: Petrify
  8505 | D:6      | Noticed Eustachio
  8519 | D:6      | Killed Eustachio
  8524 | D:6      | Reached * piety under Dithmenos
  8697 | D:6      | Gained mutation: You are partially covered in rugged brown
                  | scales. (AC +1, +3% HP) [potion of mutation]
  8697 | D:6      | Gained mutation: You are dopey. (Int -2) [potion of
                  | mutation]
  8697 | D:6      | Gained mutation: You occasionally shout uncontrollably at
                  | your foes. [potion of mutation]
  8697 | D:6      | Gained mutation: You are mostly covered in rugged brown
                  | scales. (AC +2, +5% HP) [potion of mutation]
  8697 | D:6      | Hit by a boomerang thrown by an orc warrior

Levels and vault maps discovered:
D:1:      mushboom_english_gardens, layout_rooms, minmay_misc_feat_more_columns,
          minmay_statues_item
D:2:      layout_basic, lemuel_round_altar, nicolae_ru_sacrificial_ziggurat,
          minmay_small_reverse_x
D:3:      minmay_chambers_of_threes, layout_basic,
          nicolae_qazlal_style_of_elements, uniq_natasha, uniq_ijyb,
          uniq_sigmund
D:4:      layout_loops_ring, lemuel_doored_altar, kennysheep_mini_moat,
          minmay_temple_entry_wispy, serial_forest,
          infiniplex_forest_straight_4, infiniplex_forest_lined_corner,
          infiniplex_forest_end_3, infiniplex_forest_clump_medium,
          infiniplex_forest_lined_corner, infiniplex_forest_clump_medium,
          infiniplex_forest_end_2, serial_shops, shop_statue,
          uniq_crazy_yiuf_cottage
D:5:      layout_cave_pools, led_sif_pool, first_ration, uniq_pikel
D:6:      layout_basic, gammafunk_temple_overflow_forgotten, uniq_eustachio
Temple:   dpeg_chambers_temple

Skill      XL: |  1  2  3  4  5  6  7  8  9 |
---------------+----------------------------+-----
Spellcasting   | 3 4 5 |  5.0
Earth Magic    | 4 5 6 7 |  7.1
Hexes          | 2 |  2.5
Short Blades   | 1 3 6 |  6.7
Fighting       | 2 3 |  3.0
Stealth        | 5 6 |  6.2
Dodging        | |  2.0
Transmutations | |  1.3

Action                   |  1- 3 |  4- 6 |  7- 9 || total
-------------------------+-------+-------+-------++-------
Melee: Dagger            |    76 |   137 |   489 ||   702
       Unarmed           |     5 |       |       ||     5
       Constrict         |    18 |    35 |    51 ||   104
       Tentacles         |    11 |    17 |    87 ||   115
 Cast: Sandblast         |    15 |    12 |    23 ||    50
       Confusing Touch   |       |    14 |    29 ||    43
       Stone Arrow       |       |     3 |     2 ||     5
       Lee's Rapid Decon |       |       |     4 ||     4
Invok: Renounce Religion |       |       |     1 ||     1
  Use: Potion            |       |     3 |     2 ||     5
 Stab: Sleeping          |     3 |     9 |     8 ||    20
       Confused          |       |     4 |    16 ||    20
  Eat: Chunk             |     2 |     2 |     9 ||    13
       Ration            |       |     2 |     2 ||     4
Armor: Skin              |     6 |     9 |     6 ||    21
Dodge: Dodged            |    59 |    47 |    84 ||   190
